 Dungeon Crawl Stone Soup version 0.24.1-8-ga250c9d538 (webtiles) character file.

Game seed: 18171201848179644334, levelgen mode: deterministic

178 Hugehornet the Changer (level 5, -1/33 HPs)
             Began as an Octopode Transmuter on May 1, 2020.
             Was an Initiate of Cheibriados.
             Slain by Grinder (10 damage)
             ... while paralysed by Grinder
             ... on level 3 of the Dungeon.
             The game lasted 00:05:41 (3304 turns).

Hugehornet the Changer (Octopode Transmuter)        Turns: 3304, Time: 00:05:42

Health: -1/33      AC:  1    Str: 11    XL:     5   Next: 58%
Magic:  8/8        EV:  2    Int: 17    God:    Cheibriados [......]
Gold:   124        SH:  0    Dex: 15    Spells: 2/8 levels left

rFire    . . .     SeeInvis .     - Unarmed
rCold    . . .     Gourm    .   (no shield)
rNeg     . . .     Faith    .   (helmet restricted)
rPois    .         Spirit   .   (no amulet)
rElec    .         Reflect  .   p - +2 ring of dexterity
rCorr    .         Harm     .   (no ring)
MR       .....                  (no ring)
Stlth    ++........             (no ring)
HPRegen  0.11/turn              (no ring)
MPRegen  0.11/turn              (no ring)
                                (no ring)
                                (no ring)

@: paralysed, appendage, very slow
A: almost no armour, stealthy swim, amphibious, 8 rings, constrict 8, tentacle
spike 3, camouflage 1, gelatinous body 1
a: End Transformation, Bend Time, Renounce Religion


You were on level 3 of the Dungeon.
You worshipped Cheibriados.
Cheibriados was noncommittal.
You were hungry.
One of your tentacles had a temporary spike.
You visited 1 branch of the dungeon, and saw 3 of its levels.

You collected 124 gold pieces.

Inventory:

Missiles
 a - 72 arrows
Jewellery
 p - a +2 ring of dexterity (left tentacle)
Scrolls
 b - 2 scrolls of remove curse {unknown}
 d - a scroll of fog {unknown}
 e - a scroll of teleportation {unknown}
 g - a scroll of enchant weapon {unknown}
 i - a scroll of blinking {unknown}
 k - a scroll of enchant armour {unknown}
 o - 2 scrolls of identify
Potions
 f - a potion of degeneration {unknown}
 h - a potion of flight
 j - a potion of might
 l - a potion of mutation
 m - a potion of lignification {unknown}
 n - a potion of resistance {unknown}
 q - a potion of heal wounds {unknown}
 r - a potion of berserk rage {unknown}
 s - a potion of agility {unknown}
Comestibles
 c - 4 rations


   Skills:
 - Level 1.0 Fighting
 - Level 2.0 Dodging
 - Level 3.0 Unarmed Combat
 - Level 2.0 Spellcasting
 * Level 5.2 Transmutations
 - Level 2.1 Poison Magic


You had 2 spell levels left.
You knew the following spells:

 Your Spells              Type           Power        Failure   Level  Hunger
a - Beastly Appendage     Tmut           ###...       2%          1    #......
b - Sticks to Snakes      Tmut           ###.....     3%          2    ###....
c - Spider Form           Tmut/Pois      ##........   13%         3    ###....

Your spell library contained the following spells:

 Spells                   Type           Power        Failure   Level  Hunger
 Ice Form                 Ice/Tmut       ##......     54%         4    #####..
 Blade Hands              Tmut           ###.......   54%         5    ######.


Dungeon Overview and Level Annotations

Branches:
Dungeon (3/15)

Altars:
Cheibriados
Okawaru
Sif Muna
Trog
Yredelemnul
The Shining One

Annotations:
D:3 Grinder


Innate Abilities, Weirdness & Mutations

You cannot wear most types of armour.
You are very stealthy in the water. (Stealth+)
You are amphibious.
You can wear up to eight rings at the same time.
You can use your tentacles to constrict eight enemies at once.
Your skin changes colour to match your surroundings (Stealth+).
Your rubbery body absorbs attacks. (AC +1, EV +1)
One of your tentacles bears a large vicious spike.


Message History

Grinder is moderately wounded.
You constrict Grinder, but do no damage.
You tentacle-slap Grinder.
You pierce Grinder.
Grinder is heavily wounded.
You constrict Grinder. Grinder hits you.
You tentacle-slap Grinder but do no damage.
Grinder is heavily wounded.
You constrict Grinder. Grinder barely misses you.
You tentacle-slap Grinder.
You pierce Grinder.
Grinder is severely wounded.
You constrict Grinder. Grinder gestures at you.
You suddenly lose the ability to move!
You lose your grip on Grinder.
Grinder rolls her eyes.
Grinder gestures at you.
You shrug off the repeated paralysis!
Grinder hits you!
You writhe in agony.
* * * LOW HITPOINT WARNING * * *
Grinder hits you!
You die...

#.##.#####.###..# #.#_..
#.##.# #.# #..# #.###.
#.##.#####.###..####.####
#.##.#..................#
#.##.#.#####.#..####..#.>
#.........##.#..####..##.
####.................)#.#
#.#.#........####..##.
#>...@###.#.## #..###
#....5......#####..#
##...##............#
####.###(####...##.##
#....# #.###.###.#.#
#....# #.##.## ##..#
####....###.##.# #..#
#.........#.##.## ##.###
#......#..#.#...###....#


You could see Grinder.

Vanquished Creatures
  Crazy Yiuf (D:2)
  Jessica (D:2)
  5 adders
  A worm (D:3)
  4 dart slugs
  8 orcs
  A ball python (D:1)
  3 giant cockroaches (D:3)
  8 goblins
  6 hobgoblins
  4 kobolds
  6 bats
  2 frilled lizards
  13 rats
63 creatures vanquished.

Notes
Turn   | Place    | Note
-------+----------+-------------------------------------------
     0 | D:1      | Hugehornet the Octopode Transmuter began the quest for the
                  | Orb.
     0 | D:1      | Reached XP level 1. HP: 13/13 MP: 3/3
   123 | D:1      | Reached XP level 2. HP: 18/18 MP: 3/5
   184 | D:1      | Reached skill level 3 in Transmutations
   358 | D:1      | Reached XP level 3. HP: 20/23 MP: 4/6
   678 | D:1      | Learned a level 2 spell: Sticks to Snakes
   682 | D:1      | Learned a level 3 spell: Spider Form
   772 | D:2      | Reached skill level 4 in Transmutations
   772 | D:2      | Reached skill level 1 in Poison Magic
   772 | D:2      | Reached XP level 4. HP: 14/28 MP: 5/7
  1103 | D:2      | Found a runed translucent door.
  1104 | D:2      | Noticed Crazy Yiuf
  1329 | D:2      | Noticed Jessica
  1337 | D:2      | Killed Jessica
  1774 | D:2      | Killed Crazy Yiuf
  1774 | D:2      | Reached XP level 5. HP: 7/33 MP: 4/8
  2257 | D:3      | Noticed Grinder
  2757 | D:3      | Reached skill level 5 in Transmutations
  3000 | D:3      | Found a snail-covered altar of Cheibriados.
  3000 | D:3      | Found a basalt altar of Yredelemnul.
  3005 | D:3      | Found a shimmering blue altar of Sif Muna.
  3008 | D:3      | Became a worshipper of Cheibriados the Contemplative
  3011 | D:3      | Found a bloodstained altar of Trog.
  3014 | D:3      | Found an iron altar of Okawaru.
  3221 | D:3      | Found a glowing golden altar of the Shining One.
  3301 | D:3      | Paralysed by Grinder for 4 turns
  3304 | D:3      | Slain by Grinder

Levels and vault maps discovered:
D:1:      giann_horns, layout_basic
D:2:      layout_loops_ring, minmay_domino_2, uniq_crazy_yiuf_cottage,
          uniq_jessica
D:3:      layout_loops_ring, chequers_temple_overflow_minitemple,
          overflow_temple_1_default, uniq_grinder

Skill      XL: |  1  2  3  4  5 |
---------------+----------------+-----
Transmutations | 3 4 5 |  5.2
Poison Magic   | 1 2 |  2.1
Fighting       | |  1.0
Dodging        | |  2.0
Unarmed Combat | |  3.0
Spellcasting   | |  2.0

Action                   |  1- 3 |  4- 6 || total
-------------------------+-------+-------++-------
Melee: Unarmed           |    64 |    75 ||   139
       Constrict         |    14 |    18 ||    32
       Kick              |    10 |    22 ||    32
       Punch             |     5 |       ||     5
       Tentacles         |     4 |     7 ||    11
 Cast: Beastly Appendage |    26 |    16 ||    42
       Spider Form       |       |     1 ||     1
  Use: Scroll            |       |     3 ||     3
       Potion            |       |     1 ||     1
 Stab: Sleeping          |    11 |     4 ||    15
  Eat: Chunk             |       |     8 ||     8
Armor: Skin              |       |     1 ||     1
Dodge: Dodged            |    33 |    43 ||    76
